 Dungeon Crawl Stone Soup version 0.18-a0-844-g9229740 (webtiles) character file.

9983 deanyohobro the Cleaver (level 11, -1/97 HPs)
             Began as a Minotaur Fighter on Dec 18, 2015.
             Slain by a sun demon (15 damage)
             ... summoned by an orc sorcerer
             ... on level 1 of the Orcish Mines.
             The game lasted 00:49:04 (12685 turns).

deanyohobro the Cleaver (Minotaur Fighter)         Turns: 12685, Time: 00:49:06

Health: -1/97      AC: 19    Str: 23    XL:     11   Next: 30%
Magic:  10/10      EV:  9    Int:  6    God:
Gold:   322        SH:  0    Dex: 10    Spells: 0 memorised, 10 levels left

rFire  . . .     SeeInvis .     D - +1 battleaxe
rCold  + . .     Gourm    .     w - +2 plate armour {rC+}
rNeg   . . .     Faith    .     (shield currently unavailable)
rPois  .         Spirit   .     (helmet restricted)
rElec  .         Dismiss  +     (no cloak)
rCorr  .         Reflect  .     H - +2 pair of gloves
SustAt +         Harm     .     (no boots)
MR     .....                    r - amulet of dismissal
Stlth  ..........               p - ring of sustain attributes
                                q - ring of flight

@: silence, drained, not resistant to hostile enchantments, extremely unstealthy
A: retaliatory headbutt, horns 2
a: Evoke Flight


You were on level 1 of the Orcish Mines.
You were hungry.

You visited 3 branches of the dungeon, and saw 12 of its levels.

You collected 797 gold pieces.
You spent 475 gold pieces at shops.

Inventory:

Hand Weapons
 n - the +1 great sword "Gaots" {venom, *Rage Str+2 Dex+7}
   (You bought it in a shop on level 1 of the Orcish Mines)

   It poisons the flesh of those it strikes.
   It affects your strength (+2).
   It affects your dexterity (+7).
   It may make you go berserk in combat.
 A - a +0 dire flail of draining
 B - the +4 rapier of the Soothsayer {holy, rF+ rN+}
   (You found it on level 5 of the Dungeon)

   It has been blessed by the Shining One to cause great damage to the undead
   and demons.
   It protects you from fire.
   It protects you from negative energy.
 D - a +1 battleaxe (weapon)
Armour
 a - a +2 ring mail of fire resistance
 w - a +2 plate armour of cold resistance (worn)
 H - a +2 pair of gloves (worn)
Jewellery
 p - a ring of sustain attributes (right hand)
 q - a ring of flight (left hand)
 r - an amulet of dismissal (around neck)
 F - an uncursed ring of magical power
Wands
 j - a wand of disintegration (15)
 v - a wand of heal wounds (6)
 x - a wand of random effects (14)
 E - a wand of frost (10)
 G - a wand of disintegration (8)
Scrolls
 c - a scroll of recharging
 g - 2 scrolls of remove curse
 l - a scroll of silence
 m - 4 scrolls of enchant armour
 u - a scroll of teleportation
 y - a scroll of fear
 z - a scroll of blinking
Potions
 b - a potion of resistance
 d - a potion of might
 e - 3 potions of heal wounds
 h - 7 potions of curing
 i - 2 potions of agility
 s - a potion of lignification
Comestibles
 f - 8 bread rations
 k - 20 fruits
 t - 9 slices of pizza
 C - 4 meat rations


   Skills:
 - Level 9.5(8.8) Fighting
 - Level 2.7(2.1) Long Blades
 + Level 14.2(13.5) Axes
 - Level 9.4(8.8) Armour
 - Level 7.9(7.3) Dodging
   Level 3.6(3.0) Shields


You had 10 spell levels left.
You didn't know any spells.

Dungeon Overview and Level Annotations

Branches:
Dungeon (10/15)            Temple (0/1) D:7            Lair (1/8) D:9
    Orc (1/2) D:10

Altars:
Dithmenos
Fedhas
Nemelex Xobeh
Okawaru
Pakellas
Ru
Sif Muna
Trog
Vehumet
The Shining One

Shops:
D:5 (   D:8 %   Orc:1 *


Innate Abilities, Weirdness & Mutations

You reflexively headbutt those who attack you in melee.
You have a pair of horns on your head.


Message History

The orc sorcerer is heavily wounded.
You hit the sun demon but do no damage.
The sun demon is moderately wounded.
The sun demon hits you but does no damage.
The orc sorcerer closely misses you.
You closely miss the orc sorcerer.
The orc sorcerer is heavily wounded.
You closely miss the sun demon.
The sun demon is moderately wounded.
The sun demon closely misses you.
The orc sorcerer hits you with a dagger.
* * * LOW HITPOINT WARNING * * *
You closely miss the orc sorcerer. Your headbutt misses the orc sorcerer.
The orc sorcerer is heavily wounded.
You hit the sun demon.
The sun demon is moderately wounded.
The sun demon hits you!
* * * LOW HITPOINT WARNING * * *
You are engulfed in flames!
You die...

###...## ##.##
##..#.#####...#
######.[<.....#....#
##.##.##)[[........##
#......#)..)..>...#.##
##.#....#.............
##...................
##.3o............)..
#.@................
##..#..............
#.................
##.......♣........
##....♣.∩.♣......
#...##.#♣........
##...###.#.#......
##.....#......#.#..
#......##......#...


You could see a sun demon and an orc sorcerer.

Vanquished Creatures
  A hill giant (D:10)
  A gargoyle (D:10)
  A spiny frog (Lair:1)
  A komodo dragon (Lair:1)
  2 trolls
  A two-headed ogre (D:10)
  A basilisk (Lair:1)
  8 yaks
  3 hippogriffs
  Edmund (D:5)
  A hungry ghost (D:8)
  A porcupine (Lair:1)
  7 orc warriors
  2 water moccasins (Lair:1)
  4 necrophages
  An ice beast (D:5)
  5 sky beasts
  2 phantoms
  A black bear (D:9)
  7 ogres
  3 centaurs
  5 big kobolds
  3 giant frogs
  2 gnoll sergeants (D:10)
  A wyvern zombie (D:7)
  2 scorpions
  8 killer bees
  3 jellies
  6 crimson imps
  2 giant frog zombies
  A centaur zombie (D:8)
  3 orc priests
  5 hounds
  4 centaur skeletons
  9 iguanas
  7 worker ants
  2 giant frog skeletons
  7 orc wizards
  A quasit (D:9)
  A hound skeleton (D:10)
  11 adders
  16 gnolls
  18 river rats (Lair:1)
  2 shadow imps
  An adder zombie (D:7)
  2 adder skeletons
  A worm (D:4)
  8 giant geckos
  32 orcs
  2 ball pythons
  10 bats
  6 giant cockroaches
  6 goblins
  9 hobgoblins
  12 jackals
  3 quokkas
  7 giant newts
  A jackal skeleton (D:5)
  8 kobolds
  9 rats
290 creatures vanquished.

Vanquished Creatures (others)
  An ogre (Orc:1)
  An orc wizard (Orc:1)
  2 orcs (Orc:1)
4 creatures vanquished.

Grand Total: 294 creatures vanquished

Notes
Turn   | Place    | Note
--------------------------------------------------------------
     0 | D:1      | deanyohobro the Minotaur Fighter began the quest for the Orb.
     0 | D:1      | Reached XP level 1. HP: 19/19 MP: 0/0
   133 | D:1      | Reached XP level 2. HP: 27/27 MP: 1/1
   182 | D:1      | Reached skill level 4 in Fighting
   188 | D:1      | Reached skill level 1 in Dodging
   499 | D:1      | Reached XP level 3. HP: 33/33 MP: 2/2
   621 | D:1      | You fall through a shaft!
   693 | D:2      | Found an iron altar of Okawaru.
   806 | D:2      | Found a radiant altar of Vehumet.
   809 | D:2      | Became a worshipper of Vehumet
  1254 | D:2      | Found a blossoming altar of Fedhas.
  1289 | D:2      | Found a deep blue altar of Sif Muna.
  1348 | D:2      | Found a sparkling altar of Nemelex Xobeh.
  1351 | D:2      | Found an oddly glowing altar of Pakellas.
  1585 | D:3      | Found a glowing golden altar of the Shining One.
  1588 | D:3      | Reached XP level 4. HP: 38/41 MP: 3/3
  1811 | D:3      | Reached skill level 5 in Armour
  2120 | D:3      | Reached skill level 5 in Fighting
  2132 | D:3      | Reached * piety under Vehumet
  2132 | D:3      | Offered knowledge of Shock by Vehumet.
  2132 | D:3      | Reached XP level 5. HP: 44/48 MP: 4/4
  2436 | D:3      | Reached skill level 1 in Axes
  2701 | D:4      | Noticed an ogre
  2705 | D:4      | Noticed a phantom
  2709 | D:4      | Killed an ogre
  2709 | D:4      | Reached XP level 6. HP: 28/56 MP: 5/5
  3213 | D:4      | Found a shadowy altar of Dithmenos.
  3405 | D:5      | Entered Level 5 of the Dungeon
  3414 | D:5      | Reached skill level 5 in Axes
  3474 | D:5      | Reached skill level 6 in Axes
  3474 | D:5      | Reached XP level 7. HP: 54/61 MP: 6/6
  3563 | D:5      | Reached skill level 7 in Axes
  3574 | D:5      | Reached ** piety under Vehumet
  4018 | D:5      | Noticed Edmund
  4031 | D:5      | Found Asua's Weapon Shoppe.
  4067 | D:5      | Reached skill level 8 in Axes
  4076 | D:5      | Killed Edmund
  4076 | D:5      | Offered knowledge of Flame Tongue by Vehumet.
  4273 | D:5      | Reached skill level 9 in Axes
  4273 | D:5      | Reached XP level 8. HP: 45/68 MP: 7/7
  4417 | D:5      | Got a smoking rapier
  4418 | D:5      | Identified the +4 rapier of the Soothsayer {holy, rF+ rN+} (You found it on level 5 of the Dungeon)
  5058 | D:6      | Found a shadowy altar of Dithmenos.
  5461 | D:6      | Reached skill level 10 in Axes
  5643 | D:7      | Offered knowledge of Static Discharge by Vehumet.
  6031 | D:7      | Reached XP level 9. HP: 72/76 MP: 8/8
  6453 | D:7      | Found a staircase to the Ecumenical Temple.
  6591 | D:8      | Found Fudehyh's Food Emporium.
  6735 | D:8      | Reached skill level 11 in Axes
  6735 | D:8      | Reached skill level 5 in Dodging
  7064 | D:8      | Reached *** piety under Vehumet
  7650 | D:8      | Offered knowledge of Mephitic Cloud by Vehumet.
  7675 | D:8      | Reached skill level 12 in Axes
  7824 | D:9      | Reached XP level 10. HP: 85/88 MP: 9/9
  7885 | D:9      | Found a staircase to the Lair.
  7936 | D:9      | Reached **** piety under Vehumet
  7951 | D:9      | Fell from the grace of Vehumet
  8037 | D:9      | Found a bloodstained altar of Trog.
  8208 | D:9      | Found a sacrificial altar of Ru.
  8213 | D:9      | Became a worshipper of Ru the Awakened
  8601 | Lair:1   | Entered Level 1 of the Lair of Beasts
  9220 | Lair:1   | Reached skill level 13 in Axes
  9240 | Lair:1   | Fell from the grace of Ru
  9878 | D:10     | Entered Level 10 of the Dungeon
 10200 | D:10     | Noticed a hill giant
 10214 | D:10     | Killed a hill giant
 10567 | D:10     | Reached XP level 11. HP: 66/97 MP: 10/10
 11093 | D:10     | Found a staircase to the Orcish Mines.
 11618 | Orc:1    | Entered Level 1 of the Orcish Mines
 11735 | D:10     | Reached skill level 14 in Axes
 11894 | Orc:1    | Found Fetiugh's General Store.
 12047 | Orc:1    | Bought the +1 great sword "Gaots" {venom, *Rage Str+2 Dex+7} for 475 gold pieces
 12372 | Orc:1    | Was forgiven by Vehumet
 12671 | Orc:1    | Noticed a sun demon
 12674 | Orc:1    | Paralysed by an orc sorcerer for 5 turns
 12685 | Orc:1    | Slain by a sun demon

Vault maps used:
D:1:      dpeg_arrival_concentric_ovals, st_stairs_6
D:2:      nicolae_overflow_crystal_walls, lemuel_doored_altar, minitemple,
          serial_co_window_serial, co_window_paths_a, co_window_paths_b,
          co_window_paths_b, co_window_paths_b, co_window_corner_a,
          co_window_paths_b, co_window_of_opportunity_a,
          co_window_of_opportunity_a, co_window_paths_a,
          co_window_of_opportunity_b, co_window_of_opportunity_b,
          co_window_2corner, co_window_sun, co_window_paths_d, glass_columns_a,
          glass_columns_a, glass_columns_a, glass_columns_a
D:3:      tso_metal_star
D:4:      grunt_dithmenos_smoke_and_mirrors
D:5:      kennysheep_big_flooded_room, serial_shops, shop, first_bread,
          uniq_edmund
D:6:      kennysheep_little_box
D:7:      minmay_temple_entry_glass
D:8:      serial_shops, shop, grunt_pizzeria
D:9:      kennysheep_mini, nicolae_ru_the_path_less_chosen, lair_0_dummy
D:10:     kennysheep_orc_monster_closet_entryway
Lair:1:   minivault_25, grunt_forest_small_clearings
Orc:1:    serial_shops, nicolae_shop_trees, nicolae_orc_crystal_geode

Action                   |  1- 3 |  4- 6 |  7- 9 | 10-12 || total
-------------------------+-------+-------+-------+-------++-------
Melee: Long sword        |    68 |     2 |       |       ||    70
       Mace              |       |    44 |       |       ||    44
       Hand axe          |       |    67 |   163 |       ||   230
       Battleaxe         |       |       |   130 |   291 ||   421
       Great sword       |       |       |       |     1 ||     1
Invok: Renounce Religion |       |       |       |     2 ||     2
 Abil: Evoke Flight      |       |       |     1 |       ||     1
Evoke: Wand              |       |       |       |     8 ||     8
  Use: Scroll            |       |     1 |    23 |     8 ||    32
       Potion            |       |       |     3 |     1 ||     4
 Stab: Distracted        |       |       |     1 |       ||     1
       Confused          |       |       |       |     2 ||     2
  Eat: Chunk             |     1 |     3 |     3 |     3 ||    10
       Pizza             |       |     1 |       |       ||     1
       Fruit             |       |     3 |     3 |     4 ||    10
       Meat ration       |       |       |     1 |       ||     1
       Bread ration      |       |       |     1 |     2 ||     3
